 Dungeon Crawl Stone Soup version 0.17-a0-1979-g1c74939 (webtiles) character file.

272 hexophile the Ruffian (level 6, -5/88 HPs)
             Began as a Troll Berserker on Oct 5, 2015.
             Was a Priest of Trog.
             Slain by an orc warrior
             ... wielding a +2 short sword of venom
              (6 damage)
             ... on level 4 of the Dungeon.
             The game lasted 00:02:29 (1301 turns).

hexophile the Ruffian (Troll Berserker)             Turns: 1301, Time: 00:02:29

Health: -5/88      AC:  6    Str: 31    XL:     6   Next: 2%
Magic:  5/5        EV: 10    Int:  3    God:    Trog [***...]
Gold:   130        SH:  0    Dex: 13    Spells: 0 memorised, 5 levels left

rFire  + . .     SeeInvis .       - Unarmed
rCold  . . .     Clarity  .     n - +1 robe {rF+}
rNeg   . . .     SustAt   .     (no shield)
rPois  .         Gourm    +     (helmet restricted)
rElec  .         Spirit   .     (no cloak)
rCorr  .         Warding  .     (gloves unavailable)
rMut   .         Stasis   .     (boots unavailable)
MR     .....                    (no amulet)
Stlth  ..........               (no ring)
                                f - +2 ring of dexterity

@: berserking, lethally poisoned (-5 -> -10), very quick, not resistant to
hostile enchantments, extremely unstealthy
A: unfitting armour, claws 3, fast metabolism 3, gourmand, regeneration 2,
shaggy fur 1, tough skin 2
a: Burn Spellbooks, Berserk, Trog's Hand, Renounce Religion


You were on level 4 of the Dungeon.
You worshipped Trog.
Trog was most pleased with you.
You were completely stuffed.

You visited 1 branch of the dungeon, and saw 4 of its levels.

You collected 130 gold pieces.


Innate Abilities, Weirdness & Mutations

You are too large for most types of armour.
You have claws for hands.
Your metabolism is lightning-fast.
You like to eat raw meat.
You heal very quickly.
You are covered in fur (AC +1).
You have very tough skin (AC +2).

Inventory:

Armour
 n - a +1 robe of fire resistance (worn)
Jewellery
 e - a cursed -4 ring of dexterity
 f - a +2 ring of dexterity (left claw)
Wands
 m - a wand of digging (11)
Scrolls
 a - a scroll of identify
 c - a scroll of teleportation
 g - a scroll of fear {unknown}
Potions
 d - 2 potions of curing
 h - a potion of brilliance
 k - a potion of agility {unknown}
Comestibles
 b - 4 bread rations
 i - a meat ration
 j - 2 beef jerkies
 l - 4 chunks of flesh


You had 5 spell levels left.
You didn't know any spells.


   Skills:
 - Level 2.4 Fighting
 - Level 2.4 Dodging
 + Level 6.8 Unarmed Combat

Dungeon Overview and Level Annotations

Branches:
Dungeon (4/15)
 Temple: D:4-7

Altars:
Cheibriados
Ru

Vault maps used:
D:1:      shiori_arrival_oz
D:2:      ecumenical_altar_1
D:3:      lemuel_round_altar, lemuel_doored_altar,
          hangedman_abyss_or_decor_lesser_grid
D:4:      uniq_blork_the_orc, uniq_robin
You       could see an orc warrior, a crimson imp and an orc.


Message History

Trog accepts your kill.
You claw the hound! The hound bites you.
The crimson imp hits you but does no damage.
You scratch the hound but do no damage. The hound barely misses you.
The crimson imp hits you. The hound bites you but does no damage.
You closely miss the hound. The hound bites you but does no damage.
The crimson imp hits you but does no damage.
The orc warrior completely misses you.
You closely miss the hound. The hound closely misses you.
The orc closely misses you. The crimson imp hits you.
You closely miss the hound. The hound bites you.
The orc warrior hits you with a short sword of venom!
The hound bites you but does no damage.
You claw the hound!
You kill the hound!
Trog accepts your kill.
You have reached level 6!
Your experience leads to an increase in your attributes!
Your base attributes are Str 25, Int 3, Dex 10.
Increase (S)trength, (I)ntelligence, or (D)exterity?
You feel agile.
You feel stronger. The crimson imp closely misses you.
The orc barely misses you.
The orc warrior hits you with a short sword of venom!
* * * LOW HITPOINT WARNING * * *
You are poisoned.
Unknown command.
Unknown command.
A red film seems to cover your vision as you go berserk!
You feel yourself moving faster!
You feel mighty!
You feel somewhat less full.
You feel sick. The crimson imp barely misses you. The orc hits you.
* * * LOW HITPOINT WARNING * * *
The orc warrior hits you with a short sword of venom!
* * * LOW HITPOINT WARNING * * *
You are more poisoned.
Unknown command.
You barely miss the orc warrior. You claw the orc warrior.
You feel sick.
The crimson imp hits you but does no damage.
The orc barely misses you.
The orc warrior hits you with a short sword of venom.
* * * LOW HITPOINT WARNING * * *
You are more poisoned.
You barely miss the orc warrior.
* * * LOW HITPOINT WARNING * * *
You feel sick.
Unknown command.
You scratch the orc warrior.
* * * LOW HITPOINT WARNING * * *
You feel sick.
The crimson imp blinks!
The orc hits you but does no damage.
The orc warrior hits you with a short sword of venom.
You die...

Action                   |  1- 3 |  4- 6 || total
-------------------------+-------+-------++-------
Melee: Unarmed           |    62 |    73 ||   135
Invok: Berserk           |       |     3 ||     3
       Trog's Hand       |       |     1 ||     1
  Use: Scroll            |       |     5 ||     5
  Eat: Chunk             |     9 |    11 ||    20

Notes
Turn   | Place    | Note
--------------------------------------------------------------
     0 | D:1      | hexophile the Troll Berserker began the quest for the Orb.
     0 | D:1      | Reached XP level 1. HP: 22/22 MP: 0/0
   171 | D:1      | Reached XP level 2. HP: 29/29 MP: 1/1
   208 | D:2      | Reached skill level 4 in Unarmed Combat
   286 | D:2      | Reached XP level 3. HP: 36/36 MP: 2/2
   419 | D:2      | Reached XP level 4. HP: 36/44 MP: 3/3
   421 | D:2      | Reached skill level 5 in Unarmed Combat
   424 | D:2      | Acquired Trog's second power
   659 | D:2      | Found a faded altar to an unknown god.
   744 | D:3      | Reached XP level 5. HP: 7/50 MP: 4/4
   959 | D:3      | Found a snail-covered altar of Cheibriados.
  1087 | D:3      | Found a sacrificial altar of Ru.
  1107 | D:4      | Noticed Robin
  1123 | D:4      | Killed Robin
  1123 | D:4      | Reached skill level 6 in Unarmed Combat
  1159 | D:4      | Noticed Blork the orc
  1172 | D:4      | Killed Blork the orc
  1288 | D:4      | Noticed an orc warrior
  1297 | D:4      | Reached XP level 6. HP: 30/59 MP: 5/5
  1299 | D:4      | HP: 2/88 [orc warrior/short sword of venom (6)]
  1301 | D:4      | Slain by an orc warrior

Table legend:
 A = Turns spent in this place as a percentage of turns spent in the entire game.
 B = Non-inter-level travel turns spent in this place as a percentage of non-inter-level travel turns spent in the entire game.
 C = Inter-level travel turns spent in this place as a percentage of turns spent in this place.
 D = Turns resting spent in this place as a percentage of non-inter-level travel turns spent in this place.
 E = Turns spent auto-exploring this place as a percentage of non-inter-level travel turns spent in this place.
 F = Non-inter-level travel turns spent in this place divided by the number of levels of this place that you've seen.
                   A       B       C       D       E      F
               +-------+-------+-------+-------+-------+----------------------
         Total | 100.0 | 100.0 |   0.5 |   1.7 |  11.7 | 149.5
       Dungeon | 100.0 | 100.0 |   0.5 |   1.7 |  11.7 | 149.5
               +-------+-------+-------+-------+-------+----------------------

Table legend:
 A = Kills in this place as a percentage of kills in entire the game.
 B = Kills by you in this place as a percentage of kills by you in the entire game.
 C = Kills by friends in this place as a percentage of kills by friends in the entire game.
 D = Other kills in this place as a percentage of other kills in the entire game.
 E = Experience gained in this place as a percentage of experience gained in the entire game.
 F = Experience gained in this place divided by the number of levels of this place that you have seen.
                   A       B       C       D       E      F
               +-------+-------+-------+-------+-------+----------------------
         Total | 100.0 | 100.0 |  -nan |  -nan | 100.0 |  97.2
       Dungeon | 100.0 | 100.0 |  -nan |  -nan | 100.0 |  97.2
               +-------+-------+-------+-------+-------+----------------------

Vanquished Creatures
  Blork the orc (D:4)
  A hound (D:4)
  Robin (D:4)
  4 adders
  8 gnolls
  An orc (D:4)
  3 giant cockroaches
  12 goblins
  8 hobgoblins
  A quokka (D:3)
  6 bats
  A giant gecko skeleton (D:4)
  A giant newt (D:3)
  4 kobolds
  4 rats
56 creatures vanquished.
